 Dungeon Crawl Stone Soup version 0.31.0-32-g396128a36d (webtiles) character file.

Game seed: 2790279339764551209

196 bearlyready the Ruffian (level 5, -2/49 HPs)
             Began as an Octopode Shapeshifter on Mar 10, 2024.
             Slain by an orc priest
             ... wielding a +0 flail
              (8 damage)
             ... on level 4 of the Dungeon.
             The game lasted 00:02:40 (3060 turns).

bearlyready the Ruffian (Octopode Shapeshifter)     Turns: 3060, Time: 00:02:40

Health: -2/49      AC: 22    Str: 16    XL:     5   Next: 75%
Magic:  5/5        EV:  2    Int: 12    God:
Gold:   96         SH:  0    Dex: 11    Spells: 4/4 levels left

rFire   . .          .
                       - Unarmed
rCold   . . .        (no shield)
rNeg    . . .        (helmet currently unavailable)
rPois   +            (no amulet)
rElec   .            (no ring)
rCorr   .            (no ring)
SInv    .            (no ring)
Will    .....        (no ring)
Stlth   +            (no ring)
HPRegen 0.28/turn    (no ring)
MPRegen 0.09/turn    (no ring)
                     (no ring)

%: no passive effects
@: tree-form, attractive
A: stationary, stasis, torment immunity, boosted hp, almost no armour,
(amphibious), 8 rings, (camouflage 1), (gelatinous body 1), (nimble swimmer 1),
(tentacles)
a: no special abilities


You were on level 4 of the Dungeon.
You were a tree.
You visited 1 branch of the dungeon, and saw 4 of its levels.

You collected 186 gold pieces.
You spent 90 gold pieces at shops.

Inventory:

Missiles
 f - 28 stones (quivered)
 l - 5 boomerangs
 o - 5 javelins
 s - 3 darts of dispersal
Talismans
 b - a beast talisman
 c - a flux talisman
Scrolls
 d - 2 scrolls of teleportation {unknown}
 e - a scroll of vulnerability {unknown}
 g - 3 scrolls of identify {unknown}
 j - 2 scrolls of noise {unknown}
 m - a scroll of silence {unknown}
 n - 2 scrolls of amnesia {unknown}
 q - a scroll of revelation {unknown}
 r - a scroll of enchant weapon {unknown}
 t - a scroll of fear {unknown}
Potions
 h - 2 potions of attraction
 i - 2 potions of heal wounds {unknown}
 k - 4 potions of mutation {unknown}
 p - 2 potions of degeneration {unknown}
 u - a potion of curing


   Skills:
 - Level 1.0 Fighting
 - Level 2.0 Dodging
 + Level 4.9 Unarmed Combat
 + Level 4.6 Shapeshifting


You had 4 spell levels left.
You didn't know any spells.
Your spell library contained the following spells:

 Spells                   Type           Power      Damage    Failure   Level
 Magic Dart               Conj           0%         1d3       32%         1
 Blink                    Tloc           0%         N/A       45%         2
 Call Imp                 Summ           0%         N/A       45%         2
 Volatile Blastmotes      Fire/Tloc      0%         2d10      69%         3
 Fulminant Prism          Conj/Alch      0%         3d5       97%         4
 Iskenderun's Mystic Bla  Conj/Tloc      0%         2d3       97%         4


Dungeon Overview and Level Annotations

Branches:
Dungeon (4/15)
 Temple: D:4-7

Altars:
Zin

Shops:
D:3 [

Annotations:
D:2 1 runed translucent door, Crazy Yiuf


Innate Abilities, Weirdness & Mutations

You are a tree.
Your roots penetrate the ground, keeping you stationary.
You cannot be teleported.
You are immune to unholy pain and torment.
Your maximum health is greatly increased.
You cannot wear most types of armour.
((You are amphibious.))
You can wear up to eight rings at the same time.
((Your skin changes colour to match your surroundings (Stealth+).))
((Your rubbery body absorbs attacks. (AC +1, EV +1)))
((You are camouflaged when in or above water. (Stealth+)))
((You have tentacles for arms and can constrict up to eight enemies at once.))


Message History

You tentacle-slap something but do no damage.
Your squeeze misses something. Something hits you.
You tentacle-slap something. Something hits you.
You miss something. Something hits you.
You closely miss something.
You hear some strange, mumbled words.
You are confused.
You are too confused!
Unknown command.
It was a potion of attraction.
You feel attractive to monsters. Something hits you.
Okay, then.
Your transformation has ended.
You turn into a tree.
Your roots penetrate the ground.
Something hits you but does no damage.
You cannot move. (Use ctrl+direction or * direction to attack while stationary and confused.)
You cannot move. (Use ctrl+direction or * direction to attack while stationary and confused.)
You nearly hit yourself!
Something hits you. The orc is attracted toward you.
You closely miss something. Something hits you but does no damage.
You completely miss something. Something hits you but does no damage.
You swing at nothing.
Something hits you but does no damage.
You swing at nothing.
You barely miss something.
You feel less confused. Something hits you but does no damage.
You smack something!
Reactivating autopickup.
You feel a bit more experienced.
You closely miss the orc. The orc hits you but does no damage.
The orc priest is attracted toward you.
You smack the orc!
You kill the orc!
The orc priest invokes the aid of Beogh against you.
Beogh smites you!
* * * LOW HITPOINT WARNING * * *
The orc priest is attracted toward you.
You hit the orc priest but do no damage.
The orc priest hits you with a +0 flail!
You die...

#.#.#.###.[#### ##.
#)#<.. #.....# ..
......###..##.# ##.#
#.#........##.# ... #
##.#..##..... .§
#........<...
o#####..#..#####.#
#o......#..# #..
#♣#####.#..######.
#.#####.#.........
#.....#.#......... #
#.###.#.#.######..
###.#.# #.#.#.## #..
##.....###...#..# #..
.............†...# #..
#########.######.#####..
#......................


You could see an orc priest and an orc.

Vanquished Creatures
  A hound (D:4)
  An iguana (D:4)
  2 orc wizards (D:4)
  5 adders
  A dart slug (D:3)
  A ribbon worm (D:3)
  An orc (D:4)
  4 ball pythons
  5 bats
  2 endoplasms (D:1)
  4 giant cockroaches
  2 hobgoblins
  5 kobolds
  A quokka (D:2)
  2 frilled lizards (D:1)
  3 goblins
  5 rats (D:2)
45 creatures vanquished.

Notes
Turn   | Place    | Note
-------+----------+-------------------------------------------
     0 | D:1      | bearlyready the Octopode Shapeshifter began the quest for
                  | the Orb.
     0 | D:1      | Reached XP level 1. HP: 13/13 MP: 1/1
   222 | D:1      | Reached XP level 2. HP: 18/18 MP: 2/2
   921 | D:2      | Reached XP level 3. HP: 23/23 MP: 3/3
  1790 | D:2      | Found a runed translucent door.
  1791 | D:2      | Noticed Crazy Yiuf
  1887 | D:3      | Reached XP level 4. HP: 28/28 MP: 4/4
  2033 | D:3      | Found a faded altar of an unknown god.
  2416 | D:3      | Found Coceazxo's Armour Boutique.
  2873 | D:4      | Reached XP level 5. HP: 28/33 MP: 5/5
  2948 | D:4      | Found Zin's Purification Station.
  2949 | D:4      | Found a glowing silver altar of Zin.
  2955 | D:4      | Bought a potion of curing for 90 gold pieces
  3060 | D:4      | Slain by an orc priest

Illustrated notes

Levels and vault maps discovered:
D:1:      nzn_arrival_water_spiral, layout_basic, minmay_3d_cube
D:2:      layout_basic, minmay_heptomino_d4, uniq_crazy_yiuf_cottage
D:3:      layout_basic, serial_shops, shop, nicolae_ecumenical_oubliette
D:4:      layout_loops_ring, led_sif_pool, zin_purify

Skill      XL: |  1  2  3  4 |
---------------+-------------+-----
Unarmed Combat | 4 |  4.9
Shapeshifting  | 4 |  4.6
Fighting       | |  1.0
Dodging        | |  2.0

Action                     |  1- 3 |  4- 6 || total
---------------------------+-------+-------++-------
  Melee: Unarmed           |    53 |    44 ||    97
         Constrict         |    12 |     8 ||    20
         Punch             |     2 |     1 ||     3
         Tentacles         |    10 |     6 ||    16
  Throw: Stone             |     4 |       ||     4
    Use: Potion            |       |     2 ||     2
   Stab: Sleeping          |     6 |     2 ||     8
 Armour: Skin              |    19 |    25 ||    44
  Dodge: Dodged            |    21 |    20 ||    41
